 Dungeon Crawl Stone Soup version 0.31-a0-1267-gfedaa18580 (webtiles) character file.

Game seed: 11846472980653937879

718 bjtr the Conjurer (level 7, 0/32 HPs)
             Began as a Vine Stalker Conjurer on Dec 17, 2023.
             Was an Initiate of Vehumet.
             Slain by Maggie
             ... wielding a +0 heavy long sword
              (7 damage)
             ... on level 6 of the Dungeon.
             The game lasted 00:22:21 (4904 turns).

bjtr the Conjurer (Vine Stalker Conjurer)           Turns: 4904, Time: 00:22:21

Health: 0/32       AC: 13    Str: 10    XL:     7   Next: 70%
Magic:  0/14       EV: 12    Int: 20    God:    Vehumet [......]
Gold:   291        SH:  4    Dex: 12    Spells: 5/14 levels left

rFire   . . .        k - +0 dagger
rCold   . . .        z - +0 buckler
rNeg    . . .        a - +0 robe
rPois   .            f - +0 helmet
rElec   .            F - +1 cloak
rCorr   .            (no gloves)
SInv    .            (no boots)
Will    .....        l - amulet of regeneration
Stlth   ++           q - ring of the Tortoise {AC+8}
HPRegen 1.85/turn    (no ring)
MPRegen 0.14/turn

%: guardian spirit
@: mesmerised
A: fangs 2, regeneration 1, magic shield, antimagic bite, no potion heal 2
a: Renounce Religion


You were on level 6 of the Dungeon.
You worshipped Vehumet.
Vehumet was noncommittal.
You visited 1 branch of the dungeon, and saw 6 of its levels.

You collected 291 gold pieces.

Inventory:

Hand Weapons
 k - a +0 dagger (weapon)
 n - a +0 flail
 s - a +0 rapier
 H - a +1 whip of holy wrath
Missiles
 g - 6 boomerangs
 u - 4 poisoned darts
Armour
 a - a +0 robe (worn)
 c - a +0 leather armour
 f - a +0 helmet (worn)
 z - a +0 buckler (worn)
 F - a +1 cloak (worn)
Magical Staves
 t - a staff of conjuration
Jewellery
 l - an amulet of regeneration (around neck)
 q - the ring of the Tortoise (left hand) {AC+8}
   (You found it on level 4 of the Dungeon)

   [ring of protection]

   AC+8:      It affects your AC (+8).
 E - a ring of flight
Talismans
 h - a maw talisman
Scrolls
 v - a scroll of fog {unknown}
 w - a scroll of identify
 x - a scroll of vulnerability {unknown}
 y - a scroll of poison
 B - 2 scrolls of enchant armour {unknown}
 C - a scroll of torment {unknown}
 G - a scroll of blinking
Potions
 b - 2 potions of magic
 d - 3 potions of enlightenment
 i - a potion of resistance {unknown}
 j - 4 potions of curing
 o - a potion of brilliance {unknown}
 p - 2 potions of lignification
 r - a potion of invisibility {unknown}
 A - a potion of attraction {unknown}
 D - a potion of might {unknown}


   Skills:
 + Level 0.7 Fighting
 * Level 2.5 Short Blades
 + Level 3.0 Dodging
 + Level 4.2 Stealth
 * Level 2.2 Shields
 + Level 4.1 Spellcasting
 + Level 5.8 Conjurations


You had 5 spell levels left.
You knew the following spells:

 Your Spells              Type           Power      Damage    Failure   Level
a - Magic Dart            Conj           100%       1d8       1%          1
b - Searing Ray           Conj           54%        2d6       2%          2
c - Dazzling Flash        Conj/Hex       30%        N/A       17%         3
d - Mephitic Cloud        Conj/Pois/Air  11%        N/A       26%         3

Your spell library contained the following spells:

 Spells                   Type           Power      Damage    Failure   Level
 Necrotise                Necr           16%        1d4       19%         1
 Call Imp                 Summ           8%         N/A       28%         2
 Cigotuvi's Dreadful Rot  Necr/Pois/Air  8%         N/A       28%         2
 Poisonous Vapours        Pois/Air       8%         N/A       28%         2
 Call Canine Familiar     Summ           4%         N/A       50%         3
 Ignite Poison            Fire/Tmut/Pois 4%         N/A       50%         3
 Sigil of Binding         Hex            4%         N/A       50%         3
 Vampiric Draining        Necr           4%         2d6       50%         3
 Fulminant Prism          Conj/Hex       7%         3d7       50%         4
 Iskenderun's Mystic Bla  Conj/Tloc      15%        2d5       50%         4
 Anguish                  Hex/Necr       2%         N/A       88%         4
 Cause Fear               Hex            2%         N/A       88%         4
 Dimensional Bullseye     Hex/Tloc       2%         N/A       88%         4
 Freezing Cloud           Conj/Ice/Air   5%         6-21      93%         5
 Agony                    Necr           4%         N/A       99%         5
 Enfeeble                 Hex            2%         N/A       100%        7


Dungeon Overview and Level Annotations

Branches:
Dungeon (6/15)
 Temple: D:4-7

Altars:
Dithmenos
Sif Muna
Vehumet
Yredelemnul

Annotations:
D:6 Maggie


Innate Abilities, Weirdness & Mutations

You have extremely sharp teeth.
Your natural rate of healing is unusually fast.
When hurt, damage is shared between your health and your magic reserves.
Your bite disrupts and absorbs the magic of your enemies.
Potions cannot restore your health.


Message History

You hit Maggie but do no damage.
Maggie is moderately wounded.
Maggie gestures wildly while chanting.
Maggie draws you further into her thrall.
You hit Maggie but do no damage. You bite Maggie.
Maggie's magic leaks into the air.
You drain her magic.
You feel invigorated.
Maggie is moderately wounded.
Maggie hits you with a +0 heavy long sword!
Casting: Searing Ray (safe; 2% risk of failure)
Confirm with . or Enter, or press ? or * to list all spells.
Aiming: Searing Ray (safe; 2% risk of failure)
Press: ? - help, Shift-Dir - straight line, f/p - Maggie
Aim: Maggie, wielding a +0 heavy long sword and wearing +0 swamp dragon scales (moderately wounded, mesmerising, magic disrupted, 82% to hit)
The searing ray hits Maggie.
Maggie is moderately wounded. (Press . to maintain the ray.) Maggie hits you with a +0 heavy long sword!
The searing ray hits Maggie.
Maggie is heavily wounded.
The searing ray hits Maggie.
Maggie is heavily wounded.
Maggie's magic is no longer disrupted.
Maggie says, "How do the people who live here stand the isolation?"
Maggie hits you with a +0 heavy long sword.
The searing ray hits Maggie!
Maggie is heavily wounded.
You finish channelling your searing ray.
Maggie completely misses you.
You closely miss Maggie.
Maggie is heavily wounded.
You hit Maggie but do no damage. You bite Maggie, but do no damage.
Maggie is heavily wounded.
Maggie points at you and mumbles some strange words.
The bolt of fire hits you!
* * * LOW HITPOINT WARNING * * *
You hit Maggie but do no damage. You bite Maggie, but do no damage.
Maggie is heavily wounded.
Maggie mutters to herself, "Master Lance won't take me back.
This is the way forward."
Maggie hits you with a +0 heavy long sword!
You die...

................
................#
................
#..............
#..............
#..............
#>...<.........
##.............
#.....@@......
#.............
#............#
##.........###
#.......###
#....)### #...###
##..


You could see Maggie (mesmerising).

Vanquished Creatures
  A crocodile (D:4)
  A black bear (D:5)
  A scorpion (D:5)
  A gnoll bouda (D:5)
  2 hounds (D:4)
  A sleepcap (D:5)
  2 iguanas
  Terence (D:2)
  3 orc wizards
  4 gnolls (D:5)
  8 adders
  A white imp (D:5)
  2 worms (D:2)
  A dart slug (D:2)
  10 orcs
  13 endoplasms
  3 giant cockroaches
  7 goblins
  3 hobgoblins
  2 jackals (D:3)
  3 quokkas
  4 ball pythons
  4 bats
  14 frilled lizards
  11 kobolds
  2 rats (D:1)
105 creatures vanquished.

Notes
Turn   | Place    | Note
-------+----------+-------------------------------------------
     0 | D:1      | bjtr the Vine Stalker Conjurer began the quest for the Orb.
     0 | D:1      | Reached XP level 1. HP: 9/9 MP: 4/4
   291 | D:1      | Reached XP level 2. HP: 13/13 MP: 1/6
   786 | D:1      | Reached XP level 3. HP: 16/16 MP: 3/7
  1149 | D:2      | Noticed Terence
  1190 | D:2      | Killed Terence
  1191 | D:2      | Reached XP level 4. HP: 9/21 MP: 0/9
  1404 | D:2      | Reached skill level 5 in Conjurations
  1926 | D:2      | Reached skill level 1 in Short Blades
  2127 | D:3      | Reached XP level 5. HP: 22/24 MP: 7/10
  2432 | D:3      | Learned a level 2 spell: Searing Ray
  2436 | D:3      | Learned a level 3 spell: Dazzling Flash
  2440 | D:3      | Learned a level 3 spell: Mephitic Cloud
  3101 | D:4      | Found the ring of the Tortoise {AC+8}
  3174 | D:4      | Found a basalt altar of Yredelemnul.
  3212 | D:4      | Found a shadowy altar of Dithmenos.
  3343 | D:4      | Reached XP level 6. HP: 29/29 MP: 7/11
  3586 | D:4      | Reached skill level 1 in Shields
  4067 | D:4      | Reached XP level 7. HP: 32/32 MP: 8/13
  4149 | D:5      | Entered Level 5 of the Dungeon
  4693 | D:5      | Found a radiant altar of Vehumet.
  4693 | D:5      | Found a shimmering blue altar of Sif Muna.
  4698 | D:5      | Became a worshipper of Vehumet
  4873 | D:6      | Noticed Maggie
  4904 | D:6      | Slain by Maggie

Illustrated notes

Levels and vault maps discovered:
D:1:      mainiacjoe_arrival_oval_in_oval, layout_basic,
          minmay_misc_feat_diagonals
D:2:      layout_loops_ring, uniq_terence
D:3:      layout_loops_ring
D:4:      layout_basic, nicolae_dithmenos_through_a_glass_darkly,
          mainiacjoe_overflow_small_starburst, minmay_lizard_king
D:5:      layout_cave_pools, nicolae_overflow_two_pavilions,
          chequers_serial_rivers_small_3
D:6:      layout_cave_pods, lemuel_doored_altar, nicolae_overflow_hidden_temple,
          jmf_multi_god_temple, minmay_temple_entry_statues_pillars,
          enter_ossuary_5, uniq_sigmund, uniq_jeremiah, uniq_maggie

Skill      XL: |  1  2  3  4  5  6  7 |
---------------+----------------------+-----
Conjurations   | 5 |  5.8
Dodging        | 2 3 |  3.0
Short Blades   | 1 2 |  2.5
Stealth        | 3 4 |  4.2
Spellcasting   | 3 4 |  4.1
Shields        | 1 2 |  2.2
Fighting       | |  0.7

Action                     |  1- 3 |  4- 6 |  7- 9 || total
---------------------------+-------+-------+-------++-------
  Melee: Unarmed           |     8 |       |       ||     8
         Bite              |     9 |    31 |    22 ||    62
         Whip              |     6 |       |       ||     6
         Dagger            |    15 |   142 |    53 ||   210
         Punch             |     1 |       |       ||     1
   Cast: Magic Dart        |    43 |    90 |     6 ||   139
         Searing Ray       |       |     4 |    12 ||    16
    Use: Scroll            |       |     8 |       ||     8
         Potion            |       |       |     1 ||     1
   Stab: Sleeping          |     2 |     2 |     1 ||     5
         Distracted        |       |     1 |       ||     1
 Armour: Robe              |    16 |    86 |    41 ||   143
  Dodge: Dodged            |    15 |    79 |    37 ||   131
  Block: Buckler           |       |    12 |     9 ||    21

Table legend: (Time is in decaauts)
 A = Elapsed time spent in this place.
 B = Non-inter-level travel time spent in this place.
 C = Inter-level travel time spent in this place.
 D = Time resting spent in this place.
 E = Time spent auto-exploring this place.
 F = Levels seen in this place.
 G = Mean time per level.
                   A        B        C        D        E       F      G
               +--------+--------+--------+--------+--------+-----+--------+
         Total |   4896 |   4771 |    125 |    325 |   3418 |   6 |  816.0 |
       Dungeon |   4896 |   4771 |    125 |    325 |   3418 |   6 |  816.0 |
               +--------+--------+--------+--------+--------+-----+--------+

Top non-repeatable levels by time:
     D:1: 1094 daAuts
     D:4: 1057 daAuts
     D:2: 1027 daAuts
     D:3: 964 daAuts
     D:5: 724 daAuts
     D:6: 29 daAuts
